 Dungeon Crawl Stone Soup version 0.29.1-1-gd02db6906a (webtiles) character file.

Game seed: 14657183953682256651

5 Descartes the Scratcher (level 1, 0/9 HPs)
             Began as a Felid Transmuter on Oct 9, 2022.
             Slain by a bat (1 damage)
             ... on level 1 of the Dungeon.
             The game lasted 00:00:32 (61 turns).

Descartes the Scratcher (Felid Transmuter)            Turns: 61, Time: 00:00:32

Health: 0/9        AC:  1    Str:  6    XL:     1   Next: 66%
Magic:  4/4        EV: 17    Int: 14    God:
Gold:   0          SH:  0    Dex: 16    Spells: 3/4 levels left
                                        Lives:  0   Deaths: 0

rFire   . . .      SeeInvis +     - Unarmed
rCold   . . .      Faith    .   (shield unavailable)
rNeg    . . .      Spirit   .   (body armour unavailable)
rPois   .          Reflect  .   (helmet unavailable)
rElec   .          Harm     .   (cloak unavailable)
rCorr   .          Rampage  .   (gloves unavailable)
Will    .....                   (boots unavailable)
Stlth   ++........              (no amulet)
HPRegen 0.03/turn               (no ring)
MPRegen 0.09/turn               (no ring)

@: quick
A: very small, claws 1, fangs 3, see invisible, speed 1, shaggy fur 1, stealthy
paws, no weapons or thrown items, no armour, multi-lived
a: no special abilities


You were on level 1 of the Dungeon.
You visited 1 branch of the dungeon, and saw 1 of its levels.

Inventory:

Scrolls
 b - a scroll of identify {unknown}
Potions
 a - a potion of lignification
 c - a potion of flight {unknown}


   Skills:
 + Level 1.0 Fighting
 + Level 2.8 Dodging
 + Level 0.3 Stealth
 + Level 3.0 Unarmed Combat
 + Level 2.0 Spellcasting
 + Level 0.4 Translocations
 + Level 2.2 Transmutations
 + Level 0.1 Evocations


You had 3 spell levels left.
You knew the following spells:

 Your Spells              Type           Power      Damage    Failure   Level
a - Beastly Appendage     Tmut           14%        N/A       10%         1

Your spell library contained the following spells:

 Spells                   Type           Power      Damage    Failure   Level
 Wereblood                Tmut           7%         N/A       14%         2
 Spider Form              Tmut/Pois      4%         N/A       41%         3
 Ice Form                 Ice/Tmut       4%         N/A       83%         4


Dungeon Overview and Level Annotations

Branches:
Dungeon (1/15)

Altars:


Innate Abilities, Weirdness & Mutations

You have sharp claws.
You have razor-sharp teeth.
You have supernaturally acute eyesight. (SInv)
You cover ground quickly. (Speed+)
You are covered in fur. (AC +1)
Your paws help you pounce on unaware monsters.
You are incapable of wielding weapons or throwing items.
You cannot wear armour.
You gain extra lives every three experience levels.


Message History

No target in view!
You see here a dart slug corpse.
Your horns disappear.
A ball python comes into view.
A ball python is nearby!
Casting: Beastly Appendage (safe; 10% risk of failure)
Confirm with . or Enter, or press ? or * to list all spells.
You grow a pair of large bovine horns.
A kobold comes into view. It is wielding a +0 dagger.
You see here 10 gold pieces.
A hobgoblin comes into view.
A ball python comes into view.
Found 5 gold pieces.
Found a stone staircase leading down.
The hobgoblin shouts!
The kobold shouts!
An endoplasm comes into view.
Your transformation is almost over.
The ball python hisses angrily.
The ball python misses you. The ball python closely misses you.
A bat comes into view.
You scratch the ball python.
You kill the ball python!
The ball python bites you. The ball python barely misses you.
You scratch the ball python.
You kill the ball python!
The bat closely misses you. The bat barely misses you.
The kobold hits you with a +0 dagger. The bat closely misses you.
You closely miss the bat. Your headbutt misses the bat. The bat misses you.
You closely miss the bat. Your headbutt misses the bat. You bite the bat.
The bat is moderately wounded.
The bat hits you.
You closely miss the kobold. Your claw misses the kobold.
Your horns disappear.
The kobold hits you with a +0 dagger.
You barely miss the kobold. The kobold hits you with a +0 dagger.
* * * LOW HITPOINT WARNING * * *
You scratch the kobold.
You kill the kobold!
The bat hits you.
You die...

..............
..............
J.............
g......... ..
...... .
#..###..#..
#...##..#..
#b#.##.....
#@#$.....#. #
#..#..##.##.## #
#>##..##.##..# #
#. #..##..##.# #
#. #...†.....#
## #.
#.######..#####.
.. #.# #....##..
.# #.# ##.#....#
..# #.......


You could see a bat.

Vanquished Creatures
  A dart slug (D:1)
  3 ball pythons (D:1)
  A kobold (D:1)
5 creatures vanquished.

Notes
Turn   | Place    | Note
-------+----------+-------------------------------------------
     0 | D:1      | Descartes the Felid Transmuter began the quest for the Orb.
     0 | D:1      | Reached XP level 1. HP: 9/9 MP: 4/4
    61 | D:1      | Slain by a bat

Illustrated notes

Levels and vault maps discovered:
D:1:      wander_arrival_desolate, layout_rooms

Action                   || total
-------------------------++-------
Melee: Unarmed           ||    11
       Bite              ||     3
       Headbutt          ||     2
 Cast: Beastly Appendage ||     3
Dodge: Dodged            ||    10
